 Dungeon Crawl Stone Soup version 0.19.4-9-g45fd643 (webtiles) character file.

806 doot the Reanimator (level 7, -10/49 HPs)
             Began as a Demonspawn Necromancer on Feb 15, 2017.
             Mangled by Feta's ghost (14 damage)
             ... on level 5 of the Dungeon.
             The game lasted 00:34:03 (5780 turns).

doot the Reanimator (Demonspawn Necromancer)        Turns: 5780, Time: 00:34:05

Health: -10/49     AC:  9    Str:  8    XL:     7   Next: 60%
Magic:  10/13      EV: 18    Int: 18    God:
Gold:   219        SH:  0    Dex: 19    Spells: 5 memorised, 3 levels left

rFire  . . .     SeeInvis .     t - +1 morningstar (protect)
rCold  . . .     Gourm    .     a - +0 robe
rNeg   . . .     Faith    .     (no shield)
rPois  .         Spirit   .     (helmet restricted)
rElec  .         Reflect  .     (no cloak)
rCorr  .         Harm     .     (no gloves)
MR     .....                    (no boots)
Stlth  ++++++....               (no amulet)
                                (no ring)
                                u - ring of flight

@: agile, exhausted, protection aura, slowed, very slow
A: antennae 1, nightstalker 3
a: Evoke Flight


You were on level 5 of the Dungeon.
You were not hungry.

You visited 1 branch of the dungeon, and saw 5 of its levels.

You collected 219 gold pieces.

Inventory:

Hand Weapons
 d - a +0 club
 g - a +0 dagger
 h - a +0 glaive
 m - a +0 mace
 n - a +0 whip
 t - a +1 morningstar of protection (weapon)
 v - a +2 flail of draining
Armour
 a - a +0 robe (worn)
 e - a +0 scale mail of cold resistance
 i - a +0 leather armour of magic resistance
Jewellery
 j - an uncursed ring of ice
 o - an uncursed amulet of harm {unknown}
 u - a ring of flight (left hand)
Wands
 w - a wand of lightning (7/15)
Scrolls
 l - a scroll of identify
 r - 2 scrolls of remove curse
Potions
 k - a potion of agility
 p - a potion of cancellation {unknown}
 s - a potion of haste {unknown}
Books
 b - a book of Necromancy

   Spells                             Type                      Level
   a - Pain                           Necromancy                   1
   b - Animate Skeleton               Necromancy                   1
   c - Vampiric Draining              Necromancy                   3
   d - Regeneration                   Charms/Necromancy            3
   e - Animate Dead                   Necromancy                   4
   f - Control Undead                 Necromancy                   4
Comestibles
 c - 2 bread rations
 f - 3 meat rations
 x - a chunk of flesh


   Skills:
 + Level 1.9 Fighting
 + Level 1.3 Maces & Flails
 + Level 2.2 Dodging
 + Level 2.3 Stealth
 + Level 4.5 Spellcasting
 + Level 0.5 Charms
 * Level 8.0 Necromancy


You had 3 spell levels left.
You knew the following spells:

 Your Spells              Type           Power        Failure   Level  Hunger
a - Pain                  Necr           ####         1%          1    None
b - Animate Skeleton      Necr           N/A          1%          1    None
c - Regeneration          Chrm/Necr      ###.......   10%         3    ###....
d - Vampiric Draining     Necr           ####......   1%          3    ###....
e - Animate Dead          Necr           N/A          6%          4    ####...


Dungeon Overview and Level Annotations

Branches:
Dungeon (5/15)
 Temple: D:4-7

Altars:
Xom

Annotations:
D:4 Duvessa
D:5 Feta's ghost, amateur MfGl


Innate Abilities, Weirdness & Mutations

You have a pair of small antennae on your head.
You are completely attuned to the shadows.


Message History

The phantom hits you.
* * * LOW HITPOINT WARNING * * *
Feta's ghost hits you!
* * * LOW HITPOINT WARNING * * *
You barely miss Feta's ghost.
Feta's ghost is moderately damaged.
The phantom hits you but does no damage.
Feta's ghost hits you but does no damage.
You sock Feta's ghost!
Feta's ghost is severely damaged.
The phantom hits you.
* * * LOW HITPOINT WARNING * * *
Feta's ghost completely misses you.
You barely miss Feta's ghost.
Feta's ghost is severely damaged.
You are no longer berserk.
You are exhausted.
You feel yourself slow down. The phantom barely misses you.
Feta's ghost hits you!
You die...

###########
..........##
...........##
............# ####
............#####..#
............#..W@W.#
.........W..#..#####
.......<.........#
............#..##
...)..........##
#...#.##......#
..#...#.......# .
..........#.# ...
>..


You could see a phantom and Feta's ghost.

Vanquished Creatures
  An orc warrior (D:3)
  Dowan (D:4)
  A scorpion (D:3)
  A howler monkey (D:4)
  7 orc priests
  5 orc wizards
  3 gnolls (D:4)
  4 adders
  An ooze (D:2)
  A worm (D:3)
  3 dart slugs
  2 leopard geckos
  24 orcs
  4 ball pythons
  9 bats
  A giant cockroach (D:1)
  10 goblins
  11 hobgoblins
  4 jackals
  3 quokkas
  5 frilled lizards
  6 kobolds
  9 rats
116 creatures vanquished.

Vanquished Creatures (collateral kills)
  An orc wizard (D:4)
  An adder (D:3)
  A worm (D:3)
  3 dart slugs
  An orc (D:4)
  2 bats (D:1)
  A giant cockroach (D:2)
  A hobgoblin (D:1)
  A rat (D:3)
12 creatures vanquished.

Grand Total: 128 creatures vanquished

Notes
Turn   | Place    | Note
-------+----------+-------------------------------------------
     0 | D:1      | doot the Demonspawn Necromancer began the quest for the Orb.
     0 | D:1      | Reached XP level 1. HP: 13/13 MP: 3/3
   231 | D:1      | Learned a level 1 spell: Animate Skeleton
   277 | D:1      | Gained mutation: You have a pair of small antennae on your head. [demonic ancestry]
   277 | D:1      | Reached XP level 2. HP: 17/19 MP: 3/5
   442 | D:1      | Reached skill level 5 in Necromancy
   899 | D:1      | Gained mutation: You are slightly more attuned to the shadows. [demonic ancestry]
   899 | D:1      | Reached XP level 3. HP: 22/24 MP: 2/6
  1290 | D:1      | Learned a level 3 spell: Regeneration
  1379 | D:2      | Found a faded altar of an unknown god.
  1554 | D:2      | Found a shimmering altar of Xom.
  1560 | D:2      | Reached XP level 4. HP: 26/31 MP: 2/8
  1565 | D:2      | Learned a level 3 spell: Vampiric Draining
  2071 | D:3      | Reached skill level 1 in Fighting
  2103 | D:3      | Reached XP level 5. HP: 35/37 MP: 4/9
  2307 | D:3      | Reached skill level 6 in Necromancy
  2749 | D:3      | Noticed an orc warrior
  2897 | D:4      | Noticed Duvessa
  2897 | D:4      | Noticed Dowan
  3491 | D:3      | Gained mutation: You are significantly more attuned to the shadows. [demonic ancestry]
  3491 | D:3      | Reached XP level 6. HP: 2/43 MP: 3/11
  3998 | D:4      | Reached skill level 7 in Necromancy
  4017 | D:3      | Learned a level 4 spell: Animate Dead
  4824 | D:4      | Gained mutation: You are completely attuned to the shadows. [demonic ancestry]
  4824 | D:4      | Reached XP level 7. HP: 33/48 MP: 11/13
  4859 | D:4      | HP: 1/48 [orc priest/divine providence (13)]
  4865 | D:4      | Reached skill level 1 in Maces & Flails
  5373 | D:5      | Entered Level 5 of the Dungeon
  5718 | D:4      | Killed Dowan
  5718 | D:4      | Reached skill level 8 in Necromancy
  5760 | D:5      | Noticed Feta's ghost (amateur MfGl)
  5780 | D:5      | Mangled by Feta's ghost

Skill      XL: |  1  2  3  4  5  6  7 |
---------------+----------------------+-----
Necromancy     | 5 6 7 8 |  8.0
Stealth        | 2 |  2.3
Fighting       | 1 |  1.9
Spellcasting   | 3 4 |  4.5
Dodging        | 2 |  2.2
Maces & Flails | 1 |  1.3
Charms         | |  0.5

Action                   |  1- 3 |  4- 6 |  7- 9 || total
-------------------------+-------+-------+-------++-------
Melee: Club              |    28 |       |       ||    28
       Dagger            |    10 |       |       ||    10
       Mace              |     4 |    12 |       ||    16
       Morningstar       |       |    38 |    28 ||    66
       Flail             |       |     2 |    19 ||    21
 Cast: Pain              |    58 |   125 |    12 ||   195
       Animate Skeleton  |    14 |    14 |     3 ||    31
       Vampiric Draining |       |     8 |     6 ||    14
       Regeneration      |       |     8 |     4 ||    12
       Animate Dead      |       |     1 |     2 ||     3
  Use: Scroll            |       |     4 |     3 ||     7
       Potion            |       |       |     4 ||     4
 Stab: Sleeping          |     1 |       |     2 ||     3
  Eat: Chunk             |     3 |     8 |     4 ||    15
       Fruit             |       |     1 |       ||     1
       Pizza             |       |     1 |       ||     1
       Beef jerky        |       |       |     1 ||     1
Armor: Robe              |     9 |    16 |    15 ||    40
Dodge: Dodged            |    36 |    51 |    36 ||   123
